TOP OF THE 1ST |
Chula Vista Tacos batting - Pitching for Eau Claire Esquires : RHP Carlos Pacheco
|
Pitching: RHP Carlos Pacheco
|
|
Batting: RHB Ricardo Guzmán
|
0-0: Fly out, F8 (Line Drive, 8LS)
|
Batting: RHB José Oliveira
|
0-0: Called Strike 0-1: Swinging Strike 0-2: Ball 1-2: Ball 2-2: Ball 3-2: Strikes out swinging
|
Batting: LHB Brent Alonzo
|
0-0: Called Strike 0-1: Ball 1-1: Swinging Strike 1-2: Fly out, F4 (Popup, 4M)
|
Top of the 1st over - 0 run(s), 0 hit(s), 0 error(s), 0 left on base; Chula Vista 0 - Eau Claire 0 |
BOTTOM OF THE 1ST |
Eau Claire Esquires batting - Pitching for Chula Vista Tacos : LHP Rafael Alemán
|
Pitching: LHP Rafael Alemán
|
|
Batting: LHB John Frost
|
0-0: Foul Ball, location: 2F 0-1: Ball 1-1: Swinging Strike 1-2: Reached on error, E6 (Groundball, 6)
|
Batting: LHB Manny Salazar
|
0-0: Ball 1-0: SINGLE (Line Drive, 56D) John Frost to third Runner from 3rd tries for Home, throw and OUT! Manny Salazar to second
|
Batting: RHB Félix Gonzáles
|
0-0: Ball 1-0: Ball 2-0: Swinging Strike 2-1: Ball 3-1: DOUBLE (Line Drive, 5D) Manny Salazar scores
|
Batting: RHB Carlos Rea
|
0-0: Foul Ball, location: 2F 0-1: Ground out 4-3 (Groundball, 4) Félix Gonzáles to third
|
Batting: RHB Nelson Castro
|
0-0: Called Strike 0-1: Fly out, F9 (Flyball, 89M)
|
Bottom of the 1st over - 1 run(s), 2 hit(s), 1 error(s), 1 left on base; Chula Vista 0 - Eau Claire 1 |
TOP OF THE 2ND |
Chula Vista Tacos batting - Pitching for Eau Claire Esquires : RHP Carlos Pacheco
|
Batting: LHB Ray Bryant
|
0-0: Ball 1-0: Ball 2-0: Ball 3-0: Called Strike 3-1: Base on Balls
|
Batting: RHB Armando Colón
|
0-0: Ball 1-0: Called Strike 1-1: Called Strike 1-2: Foul Ball, location: 2F 1-2: Foul Ball, location: 2F 1-2: Strikes out swinging
|
Batting: LHB Ken Phillips
|
0-0: Foul Ball, location: 2F 0-1: Foul Ball, location: 2F 0-2: Ball 1-2: Strikes out swinging
|
Batting: SHB Michael Aisher
|
0-0: Called Strike 0-1: Ball 1-1: Ball 2-1: Called Strike 2-2: Strikes out swinging
|
Top of the 2nd over - 0 run(s), 0 hit(s), 0 error(s), 1 left on base; Chula Vista 0 - Eau Claire 1 |
BOTTOM OF THE 2ND |
Eau Claire Esquires batting - Pitching for Chula Vista Tacos : LHP Rafael Alemán
|
Batting: RHB Zack Flint
|
0-0: Swinging Strike 0-1: Called Strike 0-2: Strikes out looking
|
Batting: RHB José Ruíz
|
0-0: Swinging Strike 0-1: Ball 1-1: Ball 2-1: Foul Ball, location: 2F 2-2: Ball 3-2: Foul Ball, location: 2F 3-2: Strikes out swinging
|
Batting: RHB Esteban Lara
|
0-0: Ball 1-0: Ball 2-0: Ball 3-0: Base on Balls
|
Batting: LHB Jorge Fernández
|
0-0: Fly out, F4 (Line Drive, 4D)
|
Bottom of the 2nd over - 0 run(s), 0 hit(s), 0 error(s), 1 left on base; Chula Vista 0 - Eau Claire 1 |
TOP OF THE 3RD |
Chula Vista Tacos batting - Pitching for Eau Claire Esquires : RHP Carlos Pacheco
|
Batting: LHB Jaime Icaza
|
0-0: Swinging Strike 0-1: Ball 1-1: Called Strike 1-2: Strikes out swinging
|
Batting: LHB Joe Baker
|
0-0: Ball 1-0: Called Strike 1-1: Swinging Strike 1-2: Strikes out swinging
|
Batting: RHB Ricardo Guzmán
|
0-0: Fly out, F5 (Line Drive, 5)
|
Top of the 3rd over - 0 run(s), 0 hit(s), 0 error(s), 0 left on base; Chula Vista 0 - Eau Claire 1 |
BOTTOM OF THE 3RD |
Eau Claire Esquires batting - Pitching for Chula Vista Tacos : LHP Rafael Alemán
|
Batting: LHB John Frost
|
0-0: Bunt for hit - play at first, batter OUT! 5-3
|
Batting: LHB Manny Salazar
|
0-0: DOUBLE (Groundball, 5L)
|
Batting: RHB Félix Gonzáles
|
0-0: Called Strike 0-1: Called Strike 0-2: Ball 1-2: Foul Ball, location: 2F 1-2: Fly out, F9 (Line Drive, 89M)
|
Batting: RHB Carlos Rea
|
0-0: Called Strike Manny Salazar steals 3rd base 0-1: Ball 1-1: Foul Ball, location: 2F 1-2: Ground out 2-3 (Groundball, 2L)
|
Bottom of the 3rd over - 0 run(s), 1 hit(s), 0 error(s), 1 left on base; Chula Vista 0 - Eau Claire 1 |
TOP OF THE 4TH |
Chula Vista Tacos batting - Pitching for Eau Claire Esquires : RHP Carlos Pacheco
|
Batting: RHB José Oliveira
|
0-0: Called Strike 0-1: Called Strike 0-2: Strikes out looking
|
Batting: LHB Brent Alonzo
|
0-0: Ball 1-0: Ball 2-0: Ball 3-0: Called Strike 3-1: Fly out, F8 (Line Drive, 8LD)
|
Batting: LHB Ray Bryant
|
0-0: Called Strike 0-1: Called Strike 0-2: Strikes out swinging
|
Top of the 4th over - 0 run(s), 0 hit(s), 0 error(s), 0 left on base; Chula Vista 0 - Eau Claire 1 |
BOTTOM OF THE 4TH |
Eau Claire Esquires batting - Pitching for Chula Vista Tacos : LHP Rafael Alemán
|
Batting: RHB Nelson Castro
|
0-0: Called Strike 0-1: Fly out, F5 (Line Drive, 5)
|
Batting: RHB Zack Flint
|
0-0: Foul Ball, location: 2F 0-1: Ball 1-1: DOUBLE (Line Drive, 8RM)
|
Batting: RHB José Ruíz
|
0-0: Called Strike 0-1: Ball 1-1: Swinging Strike 1-2: Strikes out swinging
|
Batting: RHB Esteban Lara
|
0-0: Swinging Strike 0-1: Foul Ball, location: 2F 0-2: Foul Ball, location: 2F 0-2: Ball 1-2: Strikes out looking
|
Bottom of the 4th over - 0 run(s), 1 hit(s), 0 error(s), 1 left on base; Chula Vista 0 - Eau Claire 1 |
TOP OF THE 5TH |
Chula Vista Tacos batting - Pitching for Eau Claire Esquires : RHP Carlos Pacheco
|
Batting: RHB Armando Colón
|
0-0: Ball 1-0: Ball 2-0: SINGLE (Groundball, 6MD)
|
Pinch Runner at 1st Will David:
|
|
Batting: LHB Ken Phillips
|
0-0: Swinging Strike 0-1: Swinging Strike 0-2: Ball 1-2: Ball 2-2: SINGLE (Groundball, 34D) Will David to second Throwing error, E9 Will David scores Ken Phillips to second
|
Batting: SHB Michael Aisher
|
0-0: Swinging Strike 0-1: Ball 1-1: Foul Ball, location: 2F 1-2: Ball 2-2: DOUBLE (Line Drive, 3D) Ken Phillips scores
|
Batting: LHB Jaime Icaza
|
0-0: Ball 1-0: Ball 2-0: Called Strike 2-1: SINGLE (Line Drive, 9S) Michael Aisher to third Runner from 3rd tries for Home, SAFE, no throw or cutoff
|
Batting: LHB Joe Baker
|
0-0: Foul Ball, location: 2F 0-1: Called Strike 0-2: Strikes out swinging
|
Batting: RHB Ricardo Guzmán
|
0-0: Called Strike 0-1: Foul Ball, location: 2F 0-2: Ball Jaime Icaza is caught stealing 2nd base 1-2: Foul Ball, location: 2F 1-2: Ground out 6-3 (Groundball, 6M)
|
Top of the 5th over - 3 run(s), 4 hit(s), 1 error(s), 0 left on base; Chula Vista 3 - Eau Claire 1 |
BOTTOM OF THE 5TH |
Eau Claire Esquires batting - Pitching for Chula Vista Tacos : LHP Rafael Alemán
|
Now at 3B: Will David
|
|
Batting: LHB Jorge Fernández
|
0-0: SINGLE (Groundball, 34D)
|
Batting: LHB John Frost
|
0-0: Swinging Strike 0-1: Ball Wild Pitch! Jorge Fernández to second 1-1: Foul Ball, location: 2F 1-2: Strikes out swinging
|
Batting: LHB Manny Salazar
|
0-0: Called Strike 0-1: Fly out, F7 (Line Drive, 7S)
|
Batting: RHB Félix Gonzáles
|
0-0: Ball 1-0: SINGLE (Groundball, 34D) Jorge Fernández to third Runner from 3rd tries for Home, SAFE, no throw or cutoff
|
Batting: RHB Carlos Rea
|
0-0: Ball 1-0: Ball 2-0: Foul Ball, location: 2F 2-1: Fielders Choice at 2nd, 5-4 (Groundball, 56)
|
Bottom of the 5th over - 1 run(s), 2 hit(s), 0 error(s), 0 left on base; Chula Vista 3 - Eau Claire 2 |
TOP OF THE 6TH |
Chula Vista Tacos batting - Pitching for Eau Claire Esquires : RHP Carlos Pacheco
|
Batting: RHB José Oliveira
|
0-0: Ball 1-0: SINGLE (Groundball, 56)
|
Batting: LHB Brent Alonzo
|
0-0: Swinging Strike 0-1: Foul Ball, location: 2F 0-2: Ball 1-2: Strikes out swinging
|
Batting: LHB Ray Bryant
|
0-0: Called Strike 0-1: Foul Ball, location: 2F 0-2: Foul Ball, location: 2F 0-2: Ball 1-2: TRIPLE (Flyball, 8RXD) José Oliveira scores
|
Pitching: RHP Arthur López
|
|
Batting: RHB Will David
|
0-0: Foul Ball, location: 2F 0-1: Ground out 5-3 (Groundball, 5L)
|
Batting: LHB Ken Phillips
|
0-0: Ball 1-0: Ball 2-0: Fly out, F9 (Popup, 4D)
|
Top of the 6th over - 1 run(s), 2 hit(s), 0 error(s), 1 left on base; Chula Vista 4 - Eau Claire 2 |
BOTTOM OF THE 6TH |
Eau Claire Esquires batting - Pitching for Chula Vista Tacos : LHP Rafael Alemán
|
Batting: RHB Nelson Castro
|
0-0: Ground out 6-3 (Groundball, 6)
|
Batting: RHB Zack Flint
|
0-0: Fly out, F4 (Line Drive, 4)
|
Batting: RHB José Ruíz
|
0-0: Called Strike 0-1: Ball 1-1: Ball 2-1: Foul Ball, location: 2F 2-2: SINGLE (Groundball, 5L)
|
Batting: RHB Esteban Lara
|
0-0: Called Strike 0-1: Fielders Choice at 2nd, U6 (Groundball, 6M)
|
Bottom of the 6th over - 0 run(s), 1 hit(s), 0 error(s), 1 left on base; Chula Vista 4 - Eau Claire 2 |
TOP OF THE 7TH |
Chula Vista Tacos batting - Pitching for Eau Claire Esquires : RHP Arthur López
|
Batting: SHB Michael Aisher
|
0-0: SINGLE (Flyball, 7S)
|
Batting: LHB Jaime Icaza
|
0-0: Ball 1-0: Called Strike 1-1: Sac Bunt - play at first, batter OUT! 2-3 Michael Aisher to second
|
Batting: LHB Joe Baker
|
0-0: Swinging Strike 0-1: Swinging Strike 0-2: Strikes out swinging
|
Batting: RHB Ricardo Guzmán
|
0-0: Foul Ball, location: 2F 0-1: Ball 1-1: Ball 2-1: Fly out, F5 (Line Drive, 5D)
|
Top of the 7th over - 0 run(s), 1 hit(s), 0 error(s), 1 left on base; Chula Vista 4 - Eau Claire 2 |
BOTTOM OF THE 7TH |
Eau Claire Esquires batting - Pitching for Chula Vista Tacos : LHP Rafael Alemán
|
Batting: LHB Jorge Fernández
|
0-0: Ground out U3 (Groundball, 3)
|
Batting: LHB John Frost
|
0-0: Called Strike 0-1: Ball 1-1: Fly out, F6 (Popup, 6M)
|
Batting: LHB Manny Salazar
|
0-0: Ball 1-0: Called Strike 1-1: Foul Ball, location: 2F 1-2: Fly out, F9 (Flyball, 89M)
|
Bottom of the 7th over - 0 run(s), 0 hit(s), 0 error(s), 0 left on base; Chula Vista 4 - Eau Claire 2 |
TOP OF THE 8TH |
Chula Vista Tacos batting - Pitching for Eau Claire Esquires : RHP Arthur López
|
Batting: RHB José Oliveira
|
0-0: Ball 1-0: Ball 2-0: Called Strike 2-1: Called Strike 2-2: Strikes out swinging
|
Pitching: RHP Armando Torres
|
|
Batting: LHB Brent Alonzo
|
0-0: Ball 1-0: Called Strike 1-1: Ground out 1-3 (Groundball, 15S)
|
Batting: LHB Ray Bryant
|
0-0: Ball 1-0: SOLO HOME RUN (Flyball, 9D), Distance : 366 ft
|
Batting: RHB Will David
|
0-0: Ball 1-0: Called Strike 1-1: Reached on error, E5 (Groundball, 5L)
|
Batting: LHB Ken Phillips
|
0-0: Called Strike 0-1: DOUBLE (Flyball, 9LS) Will David to third Runner from 3rd tries for Home, throw and OUT!
|
Top of the 8th over - 1 run(s), 2 hit(s), 1 error(s), 1 left on base; Chula Vista 5 - Eau Claire 2 |
BOTTOM OF THE 8TH |
Eau Claire Esquires batting - Pitching for Chula Vista Tacos : LHP Rafael Alemán
|
Pitching: LHP Raymond Ritchie
|
|
Batting: RHB Félix Gonzáles
|
0-0: Ball 1-0: Ground out 5-3 (Groundball, 5)
|
Batting: RHB Carlos Rea
|
0-0: Foul Ball, location: 2F 0-1: Swinging Strike 0-2: Ball 1-2: Ground out 4-3 (Groundball, 4)
|
Batting: RHB Nelson Castro
|
0-0: Ball 1-0: Called Strike 1-1: Ball 2-1: Ball 3-1: Ground out 1-3 (Groundball, 23)
|
Bottom of the 8th over - 0 run(s), 0 hit(s), 0 error(s), 0 left on base; Chula Vista 5 - Eau Claire 2 |
TOP OF THE 9TH |
Chula Vista Tacos batting - Pitching for Eau Claire Esquires : RHP Armando Torres
|
Batting: SHB Michael Aisher
|
0-0: Ball 1-0: Ball 2-0: Ground out 6-3 (Groundball, 6M)
|
Batting: LHB Jaime Icaza
|
0-0: Foul Ball, location: 2F 0-1: Ball 1-1: Ball 2-1: Foul Ball, location: 2F 2-2: Foul Ball, location: 2F 2-2: Strikes out swinging
|
Batting: LHB Joe Baker
|
0-0: Called Strike 0-1: Called Strike 0-2: Ball 1-2: Ball 2-2: Foul Ball, location: 2F 2-2: Ball 3-2: Base on Balls
|
Batting: RHB Ricardo Guzmán
|
0-0: Ball 1-0: Ball 2-0: Fielders Choice at 2nd, 5-4 (Groundball, 5)
|
Top of the 9th over - 0 run(s), 0 hit(s), 0 error(s), 0 left on base; Chula Vista 5 - Eau Claire 2 |
BOTTOM OF THE 9TH |
Eau Claire Esquires batting - Pitching for Chula Vista Tacos : LHP Raymond Ritchie
|
Pitching: LHP Geoff Williams
|
|
Batting: RHB Zack Flint
|
0-0: Called Strike 0-1: Foul Ball, location: 2F 0-2: Strikes out swinging
|
Batting: RHB José Ruíz
|
0-0: Ball 1-0: Ball 2-0: Called Strike 2-1: SINGLE (Flyball, 9LS)
|
Batting: RHB Esteban Lara
|
0-0: Ball 1-0: Called Strike 1-1: Foul Ball, location: 2F 1-2: Ball 2-2: Ball 3-2: Base on Balls José Ruíz to second
|
Pinch Hitting: RHB Tony Vázquez
|
0-0: Foul Ball, location: 2F 0-1: Foul Ball, location: 2F 0-2: Ball 1-2: Strikes out looking
|
Pinch Hitting: LHB Edwin Ryan
|
0-0: Foul Ball, location: 2F 0-1: Swinging Strike 0-2: Ball 1-2: Fielders Choice at 2nd, U4 (Groundball, 4M)
|
Bottom of the 9th over - 0 run(s), 1 hit(s), 0 error(s), 2 left on base; Chula Vista 5 - Eau Claire 2 |
|